 Dungeon Crawl Stone Soup version 0.30-a0-1066-g63dfefce0d (webtiles) character file.

Game seed: 16673354553693039364

72 gelatine the Stinger (level 4, 0/30 HPs)
             Began as a Demonspawn Venom Mage on Apr 12, 2023.
             Slain by a gnoll
             ... wielding a +0 whip
              (3 damage)
             ... on level 2 of the Dungeon.
             The game lasted 00:04:20 (1703 turns).

gelatine the Stinger (Demonspawn Venom Mage)        Turns: 1703, Time: 00:04:20

Health: 0/30       AC:  2    Str:  8    XL:     4   Next: 6%
Magic:  0/7        EV: 12    Int: 19    God:
Gold:   88         SH:  4    Dex: 19    Spells: 2/8 levels left

rFire   . . .      SeeInvis .    e - +0 dagger
rCold   + . .      Faith    .    (no shield)
rNeg    . . .      Spirit   .    a - +0 robe
rPois   .          Reflect  .    (no helmet)
rElec   .          Rampage  .    (no cloak)
rCorr   .                        (no gloves)
Will    .....                    (no boots)
Stlth   ++                       (no amulet)
HPRegen 0.25/turn                i - +6 ring of dexterity
MPRegen 0.10/turn                j - ring of protection from cold

@: no status effects
A: large bone plates 1
a: no special abilities


You were on level 2 of the Dungeon.
You visited 1 branch of the dungeon, and saw 2 of its levels.

You collected 88 gold pieces.

Inventory:

Hand Weapons
 e - a +0 dagger (weapon)
Armour
 a - a +0 robe (worn)
 l - a +0 leather armour
Jewellery
 i - a +6 ring of dexterity (left hand)
 j - a ring of protection from cold (right hand)
Wands
 n - a wand of charming (5)
Scrolls
 d - a scroll of fear {unknown}
 f - a scroll of blinking {unknown}
 h - a scroll of teleportation {unknown}
 k - a scroll of identify {unknown}
 m - a scroll of immolation {unknown}
Potions
 b - a potion of magic
 c - a potion of mutation {unknown}
 g - a potion of heal wounds {unknown}


   Skills:
 * Level 0.1 Fighting
 * Level 1.9 Dodging
 + Level 2.4 Stealth
 * Level 0.1 Shields
 + Level 2.5 Spellcasting
 * Level 0.1 Conjurations
 + Level 1.1 Transmutations
 * Level 0.9 Air Magic
 * Level 3.7 Poison Magic


You had 2 spell levels left.
You knew the following spells:

 Your Spells              Type           Power      Damage    Failure   Level
a - Sting                 Tmut/Pois      44%        1d5       6%          1
b - Poisonous Vapours     Pois/Air       22%        N/A       10%         2
c - Mephitic Cloud        Conj/Pois/Air  8%         N/A       24%         3

Your spell library contained the following spells:

 Spells                   Type           Power      Damage    Failure   Level
 Shock                    Conj/Air       16%        1d4       13%         1
 Swiftness                Air            6%         N/A       32%         3
 Olgreb's Toxic Radiance  Pois           16%        N/A       34%         4
 Airstrike                Air            3%         2d(1-17)  71%         4


Dungeon Overview and Level Annotations

Branches:
Dungeon (2/15)

Altars:


Innate Abilities, Weirdness & Mutations

You are partially covered in large bone plates. (SH +4)


Message History

The gnoll barely misses you.
You barely miss the gnoll.
The gnoll is severely wounded.
The gnoll closely misses you.
You hit the gnoll but do no damage.
The gnoll is almost dead.
You kill the gnoll!
You have reached level 4!
You feel clever.
You are too injured to fight recklessly!
Casting: Sting (safe; 6% risk of failure)
Confirm with . or Enter, or press ? or * to list all spells.
Aiming: Sting (safe; 6% risk of failure)
Press: ? - help, Shift-Dir - straight line, f - gnoll
Aim: a gnoll, wielding a +0 whip (75% to hit)
The sting misses the gnoll.
The gnoll completely misses you.
You barely miss the gnoll. The gnoll hits you with a +0 whip.
* * * LOW HITPOINT WARNING * * *
Casting: Sting (safe; 6% risk of failure)
Confirm with . or Enter, or press ? or * to list all spells.
Aiming: Sting (safe; 6% risk of failure)
Press: ? - help, Shift-Dir - straight line, f/p - gnoll
Aim: a gnoll, wielding a +0 whip (75% to hit)
The sting hits the gnoll.
The gnoll is poisoned.
The gnoll is lightly wounded.
You block the gnoll's attack.
Casting: Sting (safe; 6% risk of failure)
Confirm with . or Enter, or press ? or * to list all spells.
You don't have enough magic to cast this spell.
Unknown command.
You hit the gnoll but do no damage.
The gnoll is moderately wounded.
The gnoll closely misses you.
You hit the gnoll but do no damage.
The gnoll is moderately wounded.
You block the gnoll's attack.
You hit the gnoll but do no damage.
The gnoll is moderately wounded.
The gnoll hits you with a +0 whip.
You die...

### #.# #.. #.# #.# ### #g# ..#
#@# ######## ..#
###.###.......# ..#
#.....+......<
..############.....#......
.............+............
..#.....######......###.#
###.##..............#.#.######.
#.##......(........†.........
#.##.............####.#.###.


You could see a gnoll (poisoned).

Vanquished Creatures
  2 gnolls (D:2)
  An adder (D:2)
  4 dart slugs
  5 endoplasms
  4 goblins
  4 hobgoblins (D:1)
  2 quokkas (D:1)
  4 ball pythons (D:1)
  4 bats
  A frilled lizard (D:1)
  2 kobolds (D:1)
  2 rats (D:1)
35 creatures vanquished.

Notes
Turn   | Place    | Note
-------+----------+-------------------------------------------
     0 | D:1      | gelatine the Demonspawn Venom Mage began the quest for the
                  | Orb.
     0 | D:1      | Reached XP level 1. HP: 13/13 MP: 3/3
   251 | D:1      | Gained mutation: You are partially covered in large bone
                  | plates. (SH +4) [demonic ancestry]
   251 | D:1      | Reached XP level 2. HP: 19/19 MP: 1/5
   720 | D:1      | Reached skill level 1 in Transmutations
   811 | D:1      | Reached XP level 3. HP: 21/24 MP: 3/6
   857 | D:1      | Learned a level 2 spell: Poisonous Vapours
   861 | D:1      | Learned a level 3 spell: Mephitic Cloud
  1698 | D:2      | Reached XP level 4. HP: 3/30 MP: 2/7
  1703 | D:2      | Slain by a gnoll

Illustrated notes

Levels and vault maps discovered:
D:1:      matt_arrival_diagonals, layout_loops_ring
D:2:      layout_basic, minmay_rat_gold_closets, uniq_robin

Skill      XL: |  1  2 |
---------------+-------+-----
Stealth        | 2 |  2.4
Transmutations | 1 |  1.1
Fighting       | |  0.1
Dodging        | |  1.9
Shields        | |  0.1
Spellcasting   | |  2.5
Conjurations   | |  0.1
Air Magic      | |  0.9
Poison Magic   | |  3.7

Action                     |  1- 3 |  4- 6 || total
---------------------------+-------+-------++-------
  Melee: Unarmed           |     7 |       ||     7
         Dagger            |    42 |     4 ||    46
   Cast: Sting             |    57 |     2 ||    59
 Armour: Robe              |     7 |       ||     7
  Dodge: Dodged            |    27 |     2 ||    29
  Block: Other             |     9 |     2 ||    11

Table legend: (Time is in decaauts)
 A = Elapsed time spent in this place.
 B = Non-inter-level travel time spent in this place.
 C = Inter-level travel time spent in this place.
 D = Time resting spent in this place.
 E = Time spent auto-exploring this place.
 F = Levels seen in this place.
 G = Mean time per level.
                   A        B        C        D        E       F      G
               +--------+--------+--------+--------+--------+-----+--------+
         Total |   1701 |   1566 |    135 |      0 |   1272 |   2 |  850.5 |
       Dungeon |   1701 |   1566 |    135 |      0 |   1272 |   2 |  850.5 |
               +--------+--------+--------+--------+--------+-----+--------+

Top non-repeatable levels by time:
     D:1: 1429 daAuts
     D:2: 271 daAuts
